 Dungeon Crawl Stone Soup version 0.30-a0-364-gf6b3ef1049 (webtiles) character file.

Game seed: 12060455092673794380

178300 zishaf the Unseen (level 18, -3/107 HPs)
             Began as a Vine Stalker Brigand on Nov 15, 2022.
             Was an Elder of Uskayaw.
             Slain by a +2 glaive of venom (7 damage)
             ... on level 2 of the Elven Halls.
             The game lasted 01:03:27 (26563 turns).

zishaf the Unseen (Vine Stalker Brigand)           Turns: 26563, Time: 01:03:28

Health: -3/107     AC: 27    Str: 32    XL:     18   Next: 19%
Magic:  0/32       EV:  5    Int:  7    God:    Uskayaw [****..]
Gold:   3209       SH: 17    Dex: 21    Spells: 17/17 levels left

rFire   + . .      SeeInvis +    h - +5 rapier (freeze)
rCold   + . .      Faith    .    i - +0 tower shield
rNeg    . . .      Spirit   +    z - +4 plate armour of Saqarili {Str+2}
rPois   +          Reflect  .    s - +1 helmet {SInv}
rElec   +          Harm     .    Z - +1 cloak of Zaffol {Str+7 Int+2}
rCorr   .          Rampage  .    c - +3 pair of gauntlets of War {Slay+5}
Will    ++++.      Rage     50%  G - +2 pair of boots "Ynotatuysk" {Str+6}
Stlth   +++.......               N - necklace of Bloodlust {*Rage Will++ Int-3 Slay+6}
HPRegen 1.17/turn                w - ring of Meifras {Fly rElec rPois rC+ Int-3}
MPRegen 0.23/turn                R - ring "Hixic" {Wiz rF+ Slay+2}

@: on berserk cooldown, flying, slowed, studying 2 skills, very slow
A: fangs 3, regeneration 1, magic shield, antimagic bite, no potion heal 2,
talons 1, iridescent scales 1
a: Renounce Religion, Stomp, Line Pass


You were on level 2 of the Elven Halls.
You worshipped Uskayaw.
Uskayaw was most pleased with you.
You visited 5 branches of the dungeon, and saw 25 of its levels.
You also visited: Ossuary, Gauntlet and Volcano.

You collected 3808 gold pieces.
You spent 599 gold pieces at shops.

Inventory:

Hand Weapons
 h - a +5 rapier of freezing (weapon)
 j - a +1 dagger of electrocution
Missiles
 m - 4 boomerangs
 u - 10 poisoned darts
 E - 9 datura-tipped darts
 K - 2 throwing nets
 M - 4 curare-tipped darts
 V - 9 javelins
 W - 13 silver javelins (quivered)
Armour
 c - the +3 pair of gauntlets of War (worn) {Slay+5}
   (You acquired it on level 5 of the Lair of Beasts)

   Slay:      It affects your accuracy & damage with ranged weapons and melee
   (+5).
 i - a +0 tower shield (worn)
 s - a +1 helmet of see invisible (worn)
 z - the +4 plate armour of Saqarili (worn) {Str+2}
   (You found it on level 15 of the Dungeon)

   Str:       It affects your strength (+2).
 G - the +2 pair of boots "Ynotatuysk" (worn) {Str+6}
   (You found it in a volcano)

   Str:       It affects your strength (+6).
 P - a +2 robe of resistance
 Z - the +1 cloak of Zaffol (worn) {Str+7 Int+2}
   (You found it in a Gauntlet)

   Str:       It affects your strength (+7).
   Int:       It affects your intelligence (+2).
Jewellery
 w - the ring of Meifras (left hand) {Fly rElec rPois rC+ Int-3}
   (You bought it in a shop on level 2 of the Orcish Mines)

   [ring of flight]

   Int:       It affects your intelligence (-3).
   rC:        It protects you from cold.
   rElec:     It insulates you from electricity.
   rPois:     It protects you from poison.
   Fly:       It grants you flight.
 C - an amulet of reflection
 N - the necklace of Bloodlust (around neck) {*Rage Will++ Int-3 Slay+6}
   (You found it on level 9 of the Dungeon)

   [amulet of nothing]

   It extends the wearer's berserk rage when killing foes.
   Int:       It affects your intelligence (-3).
   Slay:      It affects your accuracy & damage with ranged weapons and melee
   (+6).
   *Rage:     It berserks you when you make melee attacks (+50% chance).
   Will:      It greatly increases your willpower.
 R - the ring "Hixic" (right hand) {Wiz rF+ Slay+2}
   (You found it in a Gauntlet)

   [ring of wizardry]

   It improves your spell success rate.
   Slay:      It affects your accuracy & damage with ranged weapons and melee
   (+2).
   rF:        It protects you from fire.
 U - the ring "Cigguk" {rElec MP+9 AC+4}
   (You found it on level 15 of the Dungeon)

   [ring of protection]

   AC:        It affects your AC (+4).
   rElec:     It insulates you from electricity.
   MP:        It affects your magic capacity (+9).
Wands
 b - a wand of quicksilver (35)
 g - a wand of flame (33)
 l - a wand of mindburst (3)
 A - a wand of digging (7)
 B - a wand of charming (37)
 H - a wand of roots (29)
Scrolls
 e - 5 scrolls of enchant armour
 k - 2 scrolls of enchant weapon
 n - 8 scrolls of teleportation
 o - 4 scrolls of blinking
 r - 2 scrolls of summoning
 y - 2 scrolls of silence
 F - a scroll of magic mapping
 S - 4 scrolls of fear
 T - 2 scrolls of fog
 X - 7 scrolls of poison
Potions
 a - 2 potions of haste
 f - 6 potions of magic
 p - 8 potions of lignification
 q - 13 potions of curing
 t - 3 potions of invisibility
 v - 3 potions of resistance
 x - 6 potions of ambrosia
 D - 3 potions of cancellation
 I - a potion of berserk rage
 J - 3 potions of might
 L - 3 potions of mutation
 O - 3 potions of brilliance
Miscellaneous
 d - a tin of tremorstones (2/2)
 Q - a phantom mirror
 Y - a box of beasts


   Skills:
 + Level 17.0 Fighting
 + Level 10.2(10.7) Short Blades
 - Level 5.3(8.4) Long Blades
 - Level 3.0 Throwing
 - Level 1.0 Dodging
 - Level 20.0 Stealth
 + Level 8.9 Shields
 * Level 18.7 Invocations
 - Level 7.0 Evocations


You had 17 spell levels left.
You didn't know any spells.
Your spell library contained the following spells:

 Spells                   Type           Power      Damage    Failure   Level
 Apportation              Tloc           0%         N/A       100%        1
 Necrotise                Necr           0%         1d4       100%        1
 Summon Small Mammal      Summ           0%         N/A       100%        1
 Blink                    Tloc           0%         N/A       100%        2
 Cigotuvi's Dreadful Rot  Necr/Pois/Air  0%         N/A       100%        2
 Ensorcelled Hibernation  Hex/Ice        0%         N/A       100%        2
 Passwall                 Tmut/Erth      0%         N/A       100%        2
 Poisonous Vapours        Pois/Air       0%         N/A       100%        2
 Static Discharge         Conj/Air       0%         2-2/arc   100%        2
 Sublimation of Blood     Necr           0%         N/A       100%        2
 Wereblood                Tmut           0%         N/A       100%        2
 Hailstorm                Conj/Ice       0%         3d3       100%        3
 Ignite Poison            Fire/Tmut/Pois 0%         N/A       100%        3
 Inner Flame              Hex/Fire       0%         N/A       100%        3
 Kindle Blastsparks       Fire/Tloc/Air  0%         2d10      100%        3
 Mephitic Cloud           Conj/Pois/Air  0%         N/A       100%        3
 Ozocubu's Armour         Ice            0%         N/A       100%        3
 Spider Form              Tmut/Pois      0%         N/A       100%        3
 Swiftness                Air            0%         N/A       100%        3
 Vhi's Electric Charge    Tloc/Air       0%         N/A       100%        3
 Anguish                  Hex/Necr       0%         N/A       100%        4
 Animate Armour           Summ/Erth      0%         N/A       100%        4
 Dispel Undead            Necr           0%         3d6       100%        4
 Flame Wave               Conj/Fire      0%         2d4       100%        4
 Fulminant Prism          Conj/Hex       0%         3d5       100%        4
 Ice Form                 Ice/Tmut       0%         N/A       100%        4
 Iskenderun's Mystic Bla  Conj/Tloc      0%         2d3       100%        4
 Manifold Assault         Tloc           0%         N/A       100%        4
 Sticky Flame             Conj/Fire      0%         2d3       100%        4
 Arcjolt                  Conj/Air       0%         1d10      100%        5
 Blade Hands              Tmut           0%         N/A       100%        5
 Freezing Cloud           Conj/Ice/Air   0%         6-21      100%        5
 Lee's Rapid Deconstruct  Erth           0%         3d4*      100%        5
 Lightning Bolt           Conj/Air       0%         1d11      100%        5
 Death Channel            Necr           0%         N/A       100%        6
 Iron Shot                Conj/Erth      0%         9d1       100%        6
 Simulacrum               Ice/Necr       0%         N/A       100%        6
 Ozocubu's Refrigeration  Ice            0%         4d7       100%        7
 Storm Form               Tmut/Air       0%         N/A       100%        7
 Summon Hydra             Summ           0%         N/A       100%        7


Dungeon Overview and Level Annotations

Branches:
Dungeon (15/15)            Temple (1/1) D:4            Lair (5/5) D:9
 Shoals (0/4) Lair:3       Spider (0/4) Lair:3        Slime (0/5) Lair:5
    Orc (2/2) D:11            Elf (2/3) Orc:2        Vaults (0/5) D:14
 Depths (0/4) D:15        Ossuary (visited)         Volcano (visited)
Gauntlet (visited)

Altars:
Ashenzari
Cheibriados
Dithmenos
Elyvilon
Fedhas
Gozag
Hepliaklqana
Kikubaaqudgha
Makhleb
Nemelex Xobeh
Okawaru
Qazlal
Ru
Sif Muna
Trog
Uskayaw
Vehumet
Wu Jian
Xom
Yredelemnul
Zin
The Shining One
Jiyva

Shops:
D:11 (   Orc:1 ((   Orc:2 =?=(

Annotations:
D:15 2 transporters


Innate Abilities, Weirdness & Mutations

You have razor-sharp teeth.
Your natural rate of healing is unusually fast.
When hurt, damage is shared between your health and your magic reserves.
Your bite disrupts and absorbs the magic of your enemies.
Potions cannot restore your health.
You have sharp toenails.
You are partially covered in iridescent scales. (AC +2)


Message History

You freeze the deep elf pyromancer!
You kill the deep elf pyromancer!
You feel very sick.
The deep elf zephyrmancer is no longer paralysed.
The +2 glaive of venom is no longer paralysed.
The +0 trident of protection is no longer paralysed.
You block the +0 trident of protection's attack.
The +0 trident of protection hits you but does no damage.
The +2 glaive of venom hits you but does no damage.
You are more poisoned.
You block the +0 trident of protection's attack.
You block the +2 glaive of venom's attack.
Uskayaw will force your foes to share their pain.
Uskayaw links your audience in an emotional bond!
You feel very sick.
You block the +0 trident of protection's attack.
The deep elf zephyrmancer hits you with a +0 dagger.
* * * LOW HITPOINT WARNING * * *
The +2 glaive of venom hits you from afar!!
* * * LOW HITPOINT WARNING * * *
You block the +0 trident of protection's attack.
You block the deep elf zephyrmancer's attack.
You see here a +0 dagger.
You miss the +0 trident of protection.
Your bite misses the +0 trident of protection.
You feel very sick. The +0 trident of protection hits you!
* * * LOW HITPOINT WARNING * * *
You block the +2 glaive of venom's attack.
The +0 trident of protection hits you.
You block the +2 glaive of venom's attack.
The deep elf zephyrmancer casts a spell at you.
The bolt of lightning misses you.
Your system rejects the healing.
You feel better.
The +0 trident of protection hits you but does no damage.
You block the +2 glaive of venom's attack.
The +0 trident of protection hits you but does no damage.
You block the deep elf zephyrmancer's attack.
The +2 glaive of venom hits you from afar!
You die...

##................
#.
##.................
#.
#.....)............
#.
#...................
#.
##..................
#.
##.................
#.
#...##.....(.....#
#. #...#
###...e...## #.
#...# ##)@(..## #.
#... #.......# #. ..
#...........# #.
............... #.
............... #.
............... ##
############### #


You could see a deep elf zephyrmancer (pain bonded) and 2 dancing weapons.

Vanquished Creatures
  A sphinx (D:15)
  Kirke (D:15)
  Louise (D:14)
  A balrug (D:14)
  A stone giant (D:15)
  The ghost of retardedninja the Cleaver, a journeyman HOFi of Gozag (Lair:3)
  3 deep elf demonologists
  Azrael (D:14)
  The ghost of Grognak the Brawler, a journeyman TrBe of Trog (D:12)
  A minotaur (Gauntlet)
  Snorg (D:10)
  2 fire dragons (D:15)
  A yaktaur captain (D:15)
  Josephine (Lair:5)
  2 ettins
  Erolcha (Orc:2)
  A rakshasa (D:15)
  3 catoblepae (Lair:5)
  5 hydras
  A salamander tyrant (D:15)
  An ice dragon (shapeshifter) (Elf:1)
  7 vault guards
  4 ogre magi (D:15)
  8 centaur warriors
  4 two-headed ogres
  10 boulder beetles
  A deep troll shaman (D:15)
  23 dancing weapons
  2 death knights (D:15)
  2 tengu warriors (D:15)
  An orc high priest (Elf:2)
  15 death yaks
  13 deep elf knights
  A wretched star (Gauntlet)
  The ghost of purpskrrrp the Skirmisher, a novice FoHu of Hepliaklqana (D:11)
  The ghost of eyols the Basher, a novice GrBr of Okawaru (D:10)
  Amaemon (D:11)
  A fire crab (shapeshifter) (D:15)
  A glowing orange brain (D:10)
  2 skeletal warriors (Volcano)
  3 deep trolls
  13 deep elf archers
  4 orc knights
  A wizard (Gauntlet)
  An anaconda skeleton (Volcano)
  17 deep elf pyromancers
  21 deep elf zephyrmancers
  4 necromancers
  A lindwurm (Lair:5)
  9 orc sorcerers
  A harpy (shapeshifter) (D:15)
  2 oklob plants (Lair:4)
  A wolf spider (D:15)
  2 salamanders (D:15)
  5 cyclopes
  8 manticores
  6 elephants (Lair:5)
  11 ugly things
  3 black mambas
  4 guardian serpents (D:15)
  Maurice (Orc:1)
  2 centaur zombies (D:15)
  4 gargoyles
  An orange demon (D:11)
  16 cane toads
  A merfolk siren (Lair:3)
  2 centaur skeletons (D:15)
  2 minotaur zombies (Gauntlet)
  2 kobold demonologists
  3 efreet
  6 komodo dragons
  4 tengu conjurers
  6 rime drakes
  A freezing wraith (D:15)
  2 queen bees
  A polar bear (shapeshifter) (D:14)
  5 trolls
  8 meliai
  A harpy skeleton (Volcano)
  A wind drake (shapeshifter) (D:15)
  A polar bear (Lair:2)
  5 hornets
  7 blink frogs (Lair:3)
  18 slime creatures
  10 dream sheep
  3 flying skulls (Volcano)
  2 air elementals (Elf:1)
  A jumping spider (shapeshifter) (Elf:1)
  5 wraiths
  A spriggan (Lair:2)
  Sigmund (D:4)
  A shadow (D:12)
  A yak (shapeshifter) (D:15)
  A vampire (D:13)
  4 water elementals
  5 wyverns
  4 basilisks
  43 yaks
  Grum (D:11)
  Eustachio (D:4)
  A basilisk (shapeshifter) (D:14)
  A steam dragon (D:7)
  18 humans (D:14)
  4 fire elementals
  A redback simulacrum (D:15)
  A neqoxec (Gauntlet)
  A vampire mosquito (D:15)
  12 wargs
  2 acid dragons
  3 hell hounds (D:14)
  26 orc warriors
  14 water moccasins
  3 ice beasts
  4 black bears
  2 sky beasts
  10 ogres
  18 wolves
  7 centaurs
  A phantom (D:7)
  7 kobold brigands
  2 earth elementals
  10 bullfrogs
  A necrophage (D:4)
  2 gnoll sergeants
  7 scorpions
  17 wights
  39 killer bees
  An electric eel (Lair:4)
  A howler monkey (D:8)
  2 troll skeletons (Volcano)
  A small abomination (Gauntlet)
  8 jellies
  16 orc priests
  5 hounds
  A gnoll bouda (D:6)
  Jessica (D:3)
  38 orc wizards
  An iguana (D:6)
  A naga skeleton (Volcano)
  8 mummies (Ossuary)
  15 gnolls
  11 adders
  3 shadow imps
  4 white imps
  2 ufetubi
  3 worms
  3 dart slugs
  76 orcs
  5 ball pythons
  6 endoplasms
  3 giant cockroaches
  7 goblins
  7 hobgoblins
  A jackal (D:2)
  22 kobolds
  2 quokkas
  3 training dummies (D:11)
  A bat (D:3)
  A frilled lizard (D:3)
  A gnoll zombie (Ossuary)
  4 kobold zombies (Ossuary)
  3 orc zombies (Ossuary)
  3 rats
914 creatures vanquished.

Vanquished Creatures (collateral kills)
  A deep elf archer (Elf:1)
  A basilisk (Lair:4)
  4 killer bees (Lair:4)
6 creatures vanquished.

Vanquished Creatures (others)
  An ugly thing (D:14)
  An orc priest (D:7)
  2 orc wizards
  An orc (D:7)
  15 bushes (D:14)
  A butterfly (D:14)
  14 demonic plants (Gauntlet)
  34 fungi
  49 plants
118 creatures vanquished.

Grand Total: 1038 creatures vanquished

Notes
Turn   | Place    | Note
-------+----------+-------------------------------------------
     0 | D:1      | zishaf the Vine Stalker Brigand began the quest for the
                  | Orb.
     0 | D:1      | Reached XP level 1. HP: 11/11 MP: 2/2
   239 | D:1      | Reached skill level 1 in Dodging
   239 | D:1      | Reached XP level 2. HP: 15/15 MP: 3/3
   316 | D:1      | Reached skill level 5 in Stealth
   713 | D:2      | Found a faded altar of an unknown god.
   804 | D:2      | Reached XP level 3. HP: 18/18 MP: 4/4
  1069 | D:2      | Gained mutation: Your natural rate of healing is unusually
                  | fast. [Vine Stalker growth]
  1069 | D:2      | Reached XP level 4. HP: 22/23 MP: 5/5
  1538 | D:3      | Reached XP level 5. HP: 27/27 MP: 6/6
  2064 | D:3      | Noticed Jessica
  2069 | D:3      | Killed Jessica
  2244 | D:4      | Found a snail-covered altar of Cheibriados.
  2263 | D:4      | Reached skill level 6 in Stealth
  2263 | D:4      | Reached XP level 6. HP: 32/32 MP: 7/7
  2280 | D:4      | Found a staircase to the Ecumenical Temple.
  2297 | D:4      | Noticed Eustachio
  2298 | D:4      | Noticed Sigmund
  2318 | D:4      | Killed Sigmund
  2333 | D:4      | Killed Eustachio
  2334 | D:4      | Reached XP level 7. HP: 37/37 MP: 8/8
  2379 | Temple   | Entered the Ecumenical Temple
  3123 | D:5      | Entered Level 5 of the Dungeon
  3136 | D:5      | Reached skill level 5 in Fighting
  3136 | D:5      | Reached skill level 5 in Short Blades
  3141 | D:5      | Identified the +9 sling of the Known World {drain, Fragile
                  | rF+ Dex+2}
  3173 | D:5      | Gained mutation: You have razor-sharp teeth. [Vine Stalker
                  | growth]
  3173 | D:5      | Reached XP level 8. HP: 43/43 MP: 9/9
  3624 | D:5      | Reached skill level 1 in Evocations
  4402 | D:6      | Reached XP level 9. HP: 50/50 MP: 10/10
  4879 | D:7      | Noticed a hornet
  4884 | D:7      | Killed a hornet
  4924 | D:7      | Found a broken altar of Ashenzari.
  5066 | D:7      | Found a burning altar of Makhleb.
  5074 | D:7      | Reached skill level 10 in Fighting
  5103 | D:7      | Reached XP level 10. HP: 58/60 MP: 11/11
  5168 | D:7      | Identified a scroll of acquirement
  5168 | D:7      | Acquired a manual of Stealth
  5251 | D:7      | Found a basalt altar of Yredelemnul.
  5483 | D:8      | Found a sand-covered staircase.
  5487 | Ossuary  | Entered an ossuary
  5724 | D:8      | Reached skill level 1 in Shields
  6024 | D:8      | Identified the +3 flail of Ecenur {spect, rN+}
  6323 | D:8      | Reached skill level 7 in Stealth
  6536 | D:9      | Noticed a deep troll
  6540 | D:9      | Noticed a deep troll
  6597 | D:9      | Noticed a two-headed ogre
  6616 | D:9      | Killed a two-headed ogre
  6617 | D:9      | Reached skill level 8 in Stealth
  6726 | D:9      | Reached skill level 9 in Stealth
  6934 | D:9      | Reached skill level 10 in Stealth
  6993 | D:9      | Killed a deep troll
  6994 | D:9      | Reached XP level 11. HP: 19/66 MP: 2/12
  7115 | D:9      | Found the necklace of Bloodlust {*Rage Will++ Int-3 Slay+6}
  7242 | D:9      | Killed a deep troll
  7243 | D:9      | Reached skill level 11 in Stealth
  7450 | D:9      | Noticed a two-headed ogre
  7460 | D:9      | Killed a two-headed ogre
  7507 | D:9      | Reached skill level 12 in Stealth
  7507 | D:9      | Reached skill level 5 in Shields
  7581 | D:9      | Found a staircase to the Lair.
  7890 | D:10     | Entered Level 10 of the Dungeon
  7958 | D:10     | Found a hazy altar of Hepliaklqana.
  8004 | D:10     | Found a hide-covered altar of Uskayaw.
  8008 | D:10     | Found a bloodstained altar of Trog.
  8008 | D:10     | Found a broken altar of Ashenzari.
  8011 | D:10     | Found a sacrificial altar of Ru.
  8033 | D:10     | Became a worshipper of Uskayaw the Reveller
  8157 | D:10     | Found a runed translucent gate.
  8157 | D:10     | Found a runed translucent gate.
  8157 | D:10     | Found a runed translucent gate.
  8158 | D:10     | Reached * piety under Uskayaw
  8162 | D:10     | Noticed a glowing orange brain
  8162 | D:10     | Noticed eyols's ghost (novice GrBr)
  8232 | D:10     | Found a glowing golden altar of the Shining One.
  8580 | D:10     | Noticed a two-headed ogre
  8582 | D:10     | Reached ** piety under Uskayaw
  8812 | D:10     | Noticed a deep troll
  8820 | D:10     | Reached *** piety under Uskayaw
  8821 | D:10     | Killed a deep troll
  8822 | D:10     | Reached skill level 1 in Invocations
  8938 | D:10     | Noticed Snorg
  8949 | D:10     | Reached **** piety under Uskayaw
  8952 | D:10     | Killed Snorg
  8953 | D:10     | Reached skill level 13 in Stealth
  9017 | D:10     | Found a viscous altar of Jiyva.
  9098 | D:11     | Noticed Grum
  9109 | D:11     | Killed Grum
  9160 | D:11     | Found Roinuaqy's Firing Range.
  9168 | D:11     | Noticed a two-headed ogre
  9211 | D:11     | Noticed a two-headed ogre
  9220 | D:11     | Killed a two-headed ogre
  9221 | D:11     | Killed a two-headed ogre
  9369 | D:11     | Reached XP level 12. HP: 72/72 MP: 16/16
  9504 | D:11     | Noticed Amaemon
  9513 | D:11     | Killed Amaemon
  9514 | D:11     | Reached skill level 14 in Stealth
  9515 | D:11     | Reached skill level 5 in Invocations
  9738 | D:11     | Found a runed translucent gate.
  9738 | D:11     | Found a runed translucent gate.
  9738 | D:11     | Found a runed translucent gate.
  9743 | D:11     | Noticed purpskrrrp's ghost (novice FoHu)
  9744 | D:11     | Identified the +8 chain mail "Qistra" {Str+2}
  9769 | D:11     | Found a staircase to the Orcish Mines.
  9993 | D:11     | Killed purpskrrrp's ghost
  9996 | D:11     | Reached ***** piety under Uskayaw
 10009 | D:11     | Identified the +2 cloak "Vatrog" {rN+ Int+3}
 10140 | D:10     | Noticed a two-headed ogre
 10145 | D:10     | Killed eyols's ghost
 10216 | Lair:1   | Entered Level 1 of the Lair of Beasts
 10304 | Lair:1   | Reached skill level 15 in Stealth
 10748 | Lair:1   | Found a shimmering blue altar of Sif Muna.
 11120 | Lair:2   | Noticed a boulder beetle
 11173 | Lair:2   | Killed a boulder beetle
 11368 | Lair:2   | Noticed a boulder beetle
 11377 | Lair:2   | Killed a boulder beetle
 11378 | Lair:2   | Reached skill level 16 in Stealth
 11816 | Lair:2   | Noticed a boulder beetle
 11823 | Lair:2   | Reached XP level 13. HP: 77/77 MP: 20/20
 11905 | Lair:3   | Found a gate leading to a gauntlet.
 11913 | Gauntlet | Entered a Gauntlet
 11913 | Gauntlet | Found a transporter.
 11913 | Gauntlet | Found a transporter.
 11917 | Gauntlet | Found a transporter.
 11917 | Gauntlet | Found a transporter.
 11924 | Gauntlet | Found a transporter.
 11928 | Gauntlet | Found a large runed translucent door.
 11929 | Gauntlet | Found a large runed translucent door.
 11930 | Gauntlet | Found a large runed translucent door.
 11930 | Gauntlet | Found a large runed translucent door.
 11930 | Gauntlet | Found a large runed translucent door.
 11941 | Gauntlet | Found a transporter.
 11948 | Gauntlet | Found a transporter.
 11951 | Gauntlet | Found a transporter.
 11955 | Gauntlet | Found a transporter.
 11982 | Gauntlet | Found a transporter.
 11989 | Gauntlet | Found a transporter.
 12012 | Gauntlet | Found a transporter.
 12048 | Gauntlet | Found a transporter.
 12064 | Gauntlet | Found a transporter.
 12164 | Gauntlet | Found a transporter.
 12166 | Gauntlet | Found a large runed translucent door.
 12167 | Gauntlet | Found a large runed translucent door.
 12168 | Gauntlet | Found a runed translucent door.
 12168 | Gauntlet | Found a runed translucent door.
 12168 | Gauntlet | Found a large runed translucent door.
 12168 | Gauntlet | Found a large runed translucent door.
 12169 | Gauntlet | Found a large runed translucent door.
 12172 | Gauntlet | Found a large runed translucent door.
 12172 | Gauntlet | Found a large runed translucent door.
 12174 | Gauntlet | Found a large runed translucent door.
 12174 | Gauntlet | Found a large runed translucent door.
 12174 | Gauntlet | Found a large runed translucent door.
 12176 | Gauntlet | Found a runed translucent gate.
 12176 | Gauntlet | Found a runed translucent gate.
 12176 | Gauntlet | Found a runed translucent gate.
 12178 | Gauntlet | Found a transporter.
 12184 | Gauntlet | Noticed a blizzard demon
 12189 | Gauntlet | Found a large runed translucent door.
 12441 | Gauntlet | Identified the ring "Hixic" {Wiz rF+ Slay+2}
 12452 | Gauntlet | Identified the +1 cloak of Zaffol {Str+7 Int+2}
 12487 | Gauntlet | Gained mutation: You have sharp toenails. [a neqoxec]
 12493 | Gauntlet | Reached skill level 17 in Stealth
 12511 | Gauntlet | Identified the ring "Myibru" {Fire rElec rN+ Will- Str+4}
 12559 | Gauntlet | Identified the ring of Xaiculer {rCorr Str+6}
 12559 | Gauntlet | Noticed a minotaur
 12563 | Gauntlet | Killed a minotaur
 12836 | Lair:3   | Reached skill level 10 in Invocations
 13127 | Lair:3   | Found a large runed translucent door.
 13128 | Lair:3   | Found a large runed translucent door.
 13133 | Lair:3   | Noticed retardedninja's ghost (journeyman HOFi)
 13264 | Lair:3   | Reached ****** piety under Uskayaw
 13265 | Lair:3   | Reached skill level 18 in Stealth
 13338 | Lair:3   | Found a hole to the Spider Nest.
 13487 | Lair:3   | Found a staircase to the Shoals.
 13658 | Lair:3   | Killed retardedninja's ghost
 13988 | Lair:4   | Reached XP level 14. HP: 80/84 MP: 19/23
 14013 | Lair:4   | Reached skill level 19 in Stealth
 15399 | Lair:5   | Entered Level 5 of the Lair of Beasts
 15473 | Lair:5   | Found a dark tunnel.
 15527 | Volcano  | Entered a volcano
 15751 | Volcano  | Identified the +2 pair of boots "Ynotatuysk" {Str+6}
 16088 | Lair:5   | Acquired the +3 pair of gauntlets of War {Slay+5}
 16088 | Lair:5   | Found the +3 pair of gauntlets of War {Slay+5}
 16534 | Lair:5   | Noticed Josephine
 16542 | Lair:5   | Killed Josephine
 16547 | Lair:5   | Found a staircase to the Slime Pits.
 16897 | Lair:5   | Reached skill level 20 in Stealth
 16900 | Lair:5   | Reached XP level 15. HP: 88/88 MP: 22/26
 16992 | Lair:5   | Reached skill level 15 in Fighting
 18059 | D:12     | Found a transporter.
 18063 | D:12     | Found a transporter.
 18063 | D:12     | Noticed Grognak's ghost (journeyman TrBe)
 18362 | D:12     | Killed Grognak's ghost
 18891 | D:13     | Reached skill level 1 in Long Blades
 19303 | Orc:1    | Entered Level 1 of the Orcish Mines
 19314 | Orc:1    | Reached skill level 15 in Invocations
 19332 | Orc:1    | Noticed Maurice
 19382 | Orc:1    | Killed Maurice
 19477 | Orc:1    | Found Riadaric's Antique Weapon Emporium.
 19968 | Orc:1    | Found Noput's Weapon Shoppe.
 20115 | Orc:2    | Entered Level 2 of the Orcish Mines
 20209 | Orc:2    | Noticed Erolcha
 20216 | Orc:2    | Killed Erolcha
 20287 | Orc:2    | Reached skill level 5 in Evocations
 20301 | Orc:2    | Found Liggit's Jewellery Shop.
 20301 | Orc:2    | Found Jeuq's Weapon Shoppe.
 20794 | Orc:2    | Found Osoprig's Magic Scroll Shoppe.
 20843 | Orc:2    | Bought a scroll of enchant weapon for 90 gold pieces
 20848 | Orc:2    | Found Qorul's Jewellery Shop.
 20901 | Orc:2    | Bought the ring of Meifras {Fly rElec rPois rC+ Int-3} for
                  | 509 gold pieces
 20977 | Orc:2    | Found a staircase to the Elven Halls.
 21087 | Elf:1    | Entered Level 1 of the Elven Halls
 21681 | D:14     | Reached XP level 16. HP: 95/95 MP: 28/28
 21884 | D:14     | Found a gate to the Vaults.
 22100 | D:14     | Noticed Azrael
 22475 | D:14     | Noticed Louise
 22482 | D:14     | Killed Louise
 22646 | D:14     | Found a runed translucent door.
 22721 | D:14     | Killed Azrael
 22736 | D:14     | Found a white marble altar of Elyvilon.
 22796 | D:15     | Entered Level 15 of the Dungeon
 22883 | D:15     | Identified the ring "Otuim" {rPois rCorr EV+4 Slay-4
                  | Stlth+}
 22891 | D:15     | Lost mutation: You have sharp toenails. [potion of
                  | mutation]
 22891 | D:15     | Gained mutation: You have sharp toenails. [potion of
                  | mutation]
 22891 | D:15     | Gained mutation: You are partially covered in iridescent
                  | scales. (AC +2) [potion of mutation]
 22899 | D:15     | Found a shimmering altar of Xom.
 22986 | D:15     | Noticed a sphinx
 22992 | D:15     | Killed a sphinx
 22993 | D:15     | Reached skill level 5 in Long Blades
 23007 | D:15     | Identified the +4 plate armour of Saqarili {Str+2}
 23100 | D:15     | Found a transporter.
 23130 | D:15     | Identified the ring "Cigguk" {rElec MP+9 AC+4}
 23161 | D:15     | Found a shimmering altar of Xom.
 23240 | D:15     | Found a transporter.
 23262 | D:15     | Acquired a manual of Short Blades
 23384 | D:15     | Noticed Kirke
 23392 | D:15     | Killed Kirke
 23461 | D:15     | Reached XP level 17. HP: 100/100 MP: 30/30
 23625 | D:15     | Found a staircase to the Depths.
 23654 | D:15     | Found a blossoming altar of Fedhas.
 23703 | D:15     | Identified the ring "Bahassuv" {rCorr Str+6 Dex-5 SInv}
 24481 | Elf:1    | Paralysed by a floating eye for 3 turns
 24938 | Elf:1    | Paralysed by an air elemental for 1 turns
 24941 | Elf:1    | Paralysed by an air elemental for 1 turns
 25760 | Elf:1    | Found a radiant altar of Vehumet.
 25930 | Elf:2    | Found a runed translucent gate.
 25930 | Elf:2    | Found a runed translucent gate.
 25930 | Elf:2    | Found a runed translucent gate.
 26141 | Elf:2    | Identified the +0 robe "Woaplomo" {+Blink rElec Int+8}
 26294 | Elf:2    | Reached XP level 18. HP: 107/107 MP: 32/32
 26371 | Elf:2    | Reached skill level 10 in Short Blades
 26562 | Elf:2    | HP: 2/107 [+0 trident of protection (6)]
 26563 | Elf:2    | Slain by a +2 glaive of venom

Illustrated notes

Levels and vault maps discovered:
D:1:      saegor_arrival_simple_c, layout_loops_ring
D:2:      layout_rooms, hellmonk_ecumenical_altar_pennies_from_heaven,
          minmay_box_of_dots
D:3:      layout_loops_ring, minmay_cupped, uniq_jessica
D:4:      layout_basic, kennysheep_slug_shrine, temple_pool_b, uniq_eustachio,
          uniq_sigmund
D:5:      layout_basic, serial_bayou_pond_e
D:6:      layout_rooms, nicolae_concentric_dashed_squares_mild, eino_curves_04
D:7:      layout_cave_pools, mainiacjoe_overflow_small_starburst,
          hangedman_feature_mirror, minmay_manual_monolith
D:8:      layout_loops_ring, enter_ossuary_5, lemuel_flame_loot_1
D:9:      layout_gridville, grunt_lair_entry_orc_guard_hut,
          chequers_serial_rivers_micro_c,
          hellmonk_guarded_unrand_vitality_bloodlust
D:10:     dreamdust_cave_troll, layout_gridville,
          worldfamousw_hep_ancestral_shrine, grunt_temple_overflow_open,
          mainiacjoe_overflow_paths, gammafunk_ghost_ooze, uniq_snorg
D:11:     layout_irregular_city, orc_0_dummy, biasface_ghost_orc_armoury,
          nicolae_shop_firing_range, uniq_grum, uniq_amaemon
D:12:     layout_basic, gammafunk_ghost_hive, minmay_misc_feat_tiny,
          grunt_decor_cap, kennysheep_generic_room_10
D:13:     layout_loops_ring
D:14:     dreamdust_dug_too_deep, layout_long_grid, grunt_vaults_entry_tiered,
          nicolae_elyvilon_peaceful_grove, minmay_fractal_squares_gapless_5,
          uniq_louise, uniq_azrael
D:15:     hangedman_spin_cycle
Temple:   dpeg_chambers_temple
Lair:1:   layout_loops_ring, basic_altar
Lair:2:   layout_regular_city, grunt_forest_large_clearing_hut
Lair:3:   layout_cave_shapes, minmay_shoals_entry_lonely_mermaid,
          dummy_spider_entry, ebering_ghost_disaster_area,
          gauntlet_entry_generic, st_stairs_3, lemuel_fruit_tree
Lair:4:   regret_index_harrowing_hell_hive, layout_concentric_octagons,
          serial_bayou_crossing, serial_bayou_shore_b, grunt_megastairs_5
Lair:5:   evilmike_catoblepas_cave, layout_long_grid,
          nicolae_slime_entry_slimehenge, nicolae_volcano_entry_vermiform,
          serial_bayou_shore_a, uniq_josephine
Orc:1:    layout_caves, serial_shops, shop, nicolae_shop_advertising_works
          [nicolae_subvault_shop_adworks], basic_altar, minmay_orc_keep,
          uniq_maurice
Orc:2:    st_orc_town, layout_caves, basic_altar, uniq_erolcha
Elf:1:    minmay_elf_arrival_circle, layout_gridlike, evilmike_minifort,
          lemuel_upstairs_altar
Elf:2:    elven_hall_of_blades_hangedman_original
          [nicolae_blade_entry_floor_patterns], layout_loops_cross,
          nicolae_elf_big_sculpture_1

Skill      XL: |  1  2  3  4  5  6  7  8  9 10 11 12 13 14 15 16 17 18 |
---------------+-------------------------------------------------------+-----
Dodging        | 1 |  1.0
Fighting       | 2 3 4 5 7 10 11 12 13 14 15 16 17 | 17.0
Short Blades   | 2 3 4 5 6 9 10 | 10.2
Stealth        | 5 6 10 13 16 18 20 | 20.0
Throwing       | 2 3 |  3.0
Evocations     | 3 6 7 |  7.0
Shields        | 4 6 7 8 |  8.9
Invocations    | 4 8 11 13 15 17 18 | 18.7
Long Blades    | 3 5 |  5.3

Action                   |  1- 3 |  4- 6 |  7- 9 | 10-12 | 13-15 | 16-18 || total
-------------------------+-------+-------+-------+-------+-------+-------++-------
Melee: Dagger            |    52 |   156 |     6 |   170 |    60 |       ||   444
       Bite              |    18 |    43 |    13 |    69 |   217 |   167 ||   527
       Punch             |       |     2 |     1 |       |       |       ||     3
       Rapier            |       |       |    50 |       |   627 |   469 ||  1146
 Fire: Sling             |       |       |   227 |   335 |       |       ||   562
Throw: Dart              |    10 |     9 |       |     4 |     2 |       ||    25
       Javelin           |       |       |       |       |     7 |       ||     7
Invok: Grand Finale      |       |       |       |       |     1 |     2 ||     3
Evoke: Wand              |       |       |       |     4 |     1 |     1 ||     6
  Use: Scroll            |       |    12 |     8 |    10 |     8 |     3 ||    41
       Potion            |       |       |       |     2 |     3 |     2 ||     7
 Stab: Sleeping          |     4 |     9 |     1 |    11 |    31 |    21 ||    77
       Distracted        |       |     1 |       |       |     3 |     3 ||     7
       Paralysed         |       |       |       |    19 |    87 |    57 ||   163
       Invisible         |       |       |       |       |     1 |       ||     1
Armor: Robe              |    12 |     3 |       |    31 |     5 |       ||    51
       Ring mail         |       |    58 |   128 |    19 |   179 |       ||   384
       Steam dragon scal |       |       |     9 |    95 |       |       ||   104
       Skin              |       |       |       |     8 |       |       ||     8
       Troll leather arm |       |       |       |    23 |    65 |    60 ||   148
       Plate armour      |       |       |       |       |       |   220 ||   220
Dodge: Dodged            |    20 |    60 |   155 |   150 |   273 |    87 ||   745
Block: Other             |       |       |    49 |    13 |       |       ||    62
       Reflection        |       |       |     3 |     2 |       |     3 ||     8
       Kite shield       |       |       |       |   239 |   336 |    39 ||   614
       Tower shield      |       |       |       |       |       |   364 ||   364

Table legend: (Time is in decaauts)
 A = Elapsed time spent in this place.
 B = Non-inter-level travel time spent in this place.
 C = Inter-level travel time spent in this place.
 D = Time resting spent in this place.
 E = Time spent auto-exploring this place.
 F = Levels seen in this place.
 G = Mean time per level.
                   A        B        C        D        E       F      G
               +--------+--------+--------+--------+--------+-----+--------+
         Total |  28290 |  26355 |   1935 |   4974 |  14813 |  28 | 1010.4 |
       Dungeon |  15117 |  13801 |   1316 |   1602 |   8670 |  15 | 1007.8 |
        Temple |    226 |    203 |     23 |      0 |    191 |   1 |  226.0 |
          Lair |   6651 |   6349 |    302 |   1870 |   3313 |   5 | 1330.2 |
  Orcish Mines |   2465 |   2234 |    231 |    860 |    962 |   2 | 1232.5 |
   Elven Halls |   2380 |   2318 |     62 |    482 |   1174 |   2 | 1190.0 |
       Ossuary |    212 |    212 |      0 |      0 |    114 |   1 |  212.0 |
       Volcano |    502 |    502 |      0 |    124 |    136 |   1 |  502.0 |
      Gauntlet |    734 |    734 |      0 |     32 |    251 |   1 |  734.0 |
               +--------+--------+--------+--------+--------+-----+--------+

Top non-repeatable levels by time:
  Lair:4: 1838 daAuts
  Lair:5: 1680 daAuts
     D:9: 1542 daAuts
   Orc:2: 1493 daAuts
    D:11: 1471 daAuts
   Elf:1: 1459 daAuts
    D:15: 1371 daAuts
    D:10: 1319 daAuts
    D:14: 1308 daAuts
  Lair:3: 1288 daAuts
  Lair:1: 994 daAuts
    D:12: 985 daAuts
   Orc:1: 971 daAuts
     D:5: 956 daAuts
   Elf:2: 920 daAuts
